 Dungeon Crawl Stone Soup version 0.21.0-3-g78d12a8 (webtiles) character file.

27 RollingDesktops the Skirmisher (level 2, 0/27 HPs)
             Began as a Draconian Abyssal Knight on Jan 9, 2018.
             Was a Follower of Lugonu.
             Succumbed to an adder's poison
             ... on level 2 of the Dungeon.
             The game lasted 00:04:38 (862 turns).

RollingDesktops the Skirmisher (DrAK)                Turns: 862, Time: 00:04:38

Health: 0/27       AC:  4    Str: 14    XL:     2   Next: 93%
Magic:  3/3        EV: 12    Int: 14    God:    Lugonu [*.....]
Gold:   113        SH:  0    Dex: 10    Spells: 1/1 levels left

rFire    . . .     SeeInvis .   a - +1 falchion
rCold    . . .     Gourm    .   (no shield)
rNeg     . . .     Faith    .   (armour unavailable)
rPois    .         Spirit   .   (helmet restricted)
rElec    .         Reflect  .   (no cloak)
rCorr    .         Harm     .   (no gloves)
MR       .....                  (no boots)
Stlth    +.........             i - amulet of regeneration
HPRegen  0.49/turn              f - +2 ring of intelligence
MPRegen  0.08/turn              (no ring)

@: lethally poisoned (0 -> -5), about to teleport, very slow
A: unfitting armour, cold-blooded, AC +4
a: Depart the Abyss, Renounce Religion


You were on level 2 of the Dungeon.
You worshipped Lugonu.
Lugonu was aware of your devotion.
You were not hungry.

You visited 1 branch of the dungeon, and saw 2 of its levels.
You visited the Abyss 1 time.

You collected 113 gold pieces.

Inventory:

Hand Weapons
 a - a +1 falchion (weapon)
Jewellery
 f - a +2 ring of intelligence (left hand)
 i - an amulet of regeneration (around neck)
Scrolls
 c - a scroll of enchant weapon {unknown}
 d - a scroll of teleportation
 j - a scroll of remove curse {unknown}
Potions
 e - 2 potions of flight {unknown}
 g - 2 potions of might {unknown}
Comestibles
 b - 4 rations


   Skills:
 + Level 3.8 Fighting
 + Level 2.3 Long Blades
 + Level 2.5 Dodging
 + Level 0.1 Stealth
 + Level 2.2 Invocations


You had one spell level left.
You didn't know any spells.

Dungeon Overview and Level Annotations

Branches:
Dungeon (2/15)

Altars:
Fedhas


Innate Abilities, Weirdness & Mutations

Your plain brown scales are hard. (AC +4)
You cannot fit into any form of body armour.
You are cold-blooded and may be slowed by cold attacks.


Message History

The adder poisons you! The kobold hits you but does no damage.
The adder closely misses you.
You riposte.
You completely miss the adder.
The adder is moderately wounded.
As you read the scroll labeled TIGUIL QOCS, it crumbles to dust.
It is a scroll of identify.
d - 2 scrolls of teleportation You feel sick.
The adder barely misses you.
The kobold splashes around in the water.
As you read the scroll of teleportation, it crumbles to dust.
You feel strangely unstable.
You feel sick. The adder barely misses you.
You riposte.
Your unstable footing causes you to fumble your attack.
The kobold hits you with a dagger.
* * * LOW HITPOINT WARNING * * *
You feel sick. The adder bites you.
* * * LOW HITPOINT WARNING * * *
You are lethally poisoned!
The adder poisons you! The adder bites you.
* * * LOW HITPOINT WARNING * * *
You die...

############ #######
#≈≈≈≈≈≈≈≈≈≈### ###≈.P.P#
≈≈≈≈≈≈≈≈S≈@≈≈## ##≈≈≈≈....
#≈≈≈≈≈†≈K≈≈≈#.####.#≈≈≈≈..P
###≈≈≈≈≈######....######≈..
≈≈≈≈≈≈≈≈≈ #....# #≈≈≈≈..
≈≈≈≈≈≈≈≈≈≈ #....# #≈≈≈≈..
######≈≈≈≈≈ #....######≈≈P
.≈≈≈≈≈K ##''###≈≈≈≈≈≈≈
.≈≈≈≈≈≈≈≈ #..##≈≈≈≈≈≈≈.
≈≈≈≈≈≈≈####'#####≈≈≈≈.P


You could see an adder and a kobold.

Vanquished Creatures
  An ooze (D:1)
  A dart slug (D:1)
  A ball python (D:2)
  3 bats
  A giant cockroach (D:2)
  A goblin (D:1)
  3 hobgoblins
  4 kobolds
  3 frilled lizards (D:1)
  2 rats (D:1)
  2 plants (D:2)
22 creatures vanquished.

Notes
Turn   | Place    | Note
-------+----------+-------------------------------------------
     0 | Abyss:1  | RollingDesktops the Draconian Abyssal Knight began the quest for the Orb.
     0 | Abyss:1  | Reached XP level 1. HP: 19/19 MP: 2/2
    32 | D:1      | Escaped the Abyss
    86 | D:1      | Reached XP level 2. HP: 21/27 MP: 3/3
   569 | D:2      | Found a blossoming altar of Fedhas.
   861 | D:2      | HP: 1/27 [adder (4)]
   862 | D:2      | Succumbed to an adder's poison

Action                   || total
-------------------------++-------
Melee: Falchion          ||   134
       Tailslap          ||    31
  Use: Scroll            ||     2
Armor: Skin              ||    25
Dodge: Dodged            ||    50
       Rpst.: Falchion   ||    10
